 Dungeon Crawl Stone Soup version 0.28.0-43-g3370ac3207 (webtiles) character file.

Game seed: 13487577327795322336

36616 CryoSword the Brawler (level 13, -6/133 HPs)
             Began as a Troll Chaos Knight on Mar 15, 2022.
             Was a Plaything of Xom.
             Mangled by an eight-headed hydra (7 damage)
             ... on level 4 of the Lair of Beasts.
             The game lasted 00:37:43 (14090 turns).

CryoSword the Brawler (Troll Chaos Knight)         Turns: 14090, Time: 00:37:44

Health: -6/133     AC: 13    Str: 25    XL:     13   Next: 54%
Magic:  12/12      EV: 16    Int:  8    God:    Xom [..*...]
Gold:   556        SH:  0    Dex: 11    Spells: 12/12 levels left

rFire   + . .      SeeInvis .     - Unarmed
rCold   + . .      Faith    .   (no shield)
rNeg    . . .      Spirit   .   F - +0 acid dragon scales
rPois   .          Reflect  .   t - +1 hat
rElec   .          Harm     .   m - scarf {rC+ rF+}
rCorr   +          Rampage  .   (gloves unavailable)
Will    .....      Clarity  +   (boots unavailable)
Stlth   +.........              b - amulet of the acrobat
HPRegen 1.12/turn               y - +4 ring of protection
MPRegen 0.13/turn               L - +4 ring of evasion

@: frozen, very slow
A: large, unfitting armour, claws 3, regeneration 1, shaggy fur 1, tough skin 1,
hooves 1, clarity, clumsy 1, screaming 1, strong 1, no potion heal 1, sturdy
frame 1
a: Renounce Religion


You were on level 4 of the Lair of Beasts.
You worshipped Xom.
You were a toy of Xom.
You visited 2 branches of the dungeon, and saw 16 of its levels.
You also visited: Ossuary.

You collected 1076 gold pieces.
You spent 520 gold pieces at shops.

Inventory:

Hand Weapons
 I - a +0 scimitar of flaming
   (You took it off Erica on level 10 of the Dungeon)
Missiles
 a - 6 curare-tipped darts
 n - 22 poisoned darts
 H - 10 atropa-tipped darts
 M - 8 large rocks (quivered)
 N - 2 throwing nets
Armour
 m - a scarf of resistance (worn)
   (You found it on level 3 of the Dungeon)
 t - a +1 hat (worn)
   (You took it off Gastronok on level 11 of the Dungeon)
 F - +0 acid dragon scales (worn)
   (You found it on level 9 of the Dungeon)
Jewellery
 b - an amulet of the acrobat (around neck)
   (Xom gifted it to you on level 8 of the Dungeon)
 y - a +4 ring of protection (left claw)
   (You found it on level 7 of the Dungeon)
 L - a +4 ring of evasion (right claw)
   (You found it on level 11 of the Dungeon)
 S - a ring of flight
   (You found it on level 1 of the Lair of Beasts)
Wands
 g - a wand of acid (20)
   (You found it on level 5 of the Dungeon)
 B - a wand of iceblast (27)
   (You found it on level 7 of the Dungeon)
Scrolls
 d - a scroll of noise {!r}
 j - 8 scrolls of teleportation {@r4}
 l - a scroll of silence
 p - 5 scrolls of fear
 x - a scroll of blinking
 A - 2 scrolls of holy word {unknown}
 C - 3 scrolls of enchant armour {unknown}
 E - 2 scrolls of vulnerability {!r}
 G - 2 scrolls of magic mapping
 K - a scroll of immolation {unknown}
 O - a scroll of amnesia {unknown}
 R - a scroll of fog {unknown}
Potions
 c - 14 potions of curing {@q1}
 e - 3 potions of attraction {!q}
 f - 3 potions of might
 h - a potion of resistance {unknown}
 i - 3 potions of haste {@q3}
 k - 4 potions of heal wounds {@q2}
 q - a potion of ambrosia
 v - 3 potions of lignification {!q}
 w - a potion of berserk rage
 z - 2 potions of magic
 D - 2 potions of cancellation
 P - a potion of invisibility {unknown}
Miscellaneous
 r - a tin of tremorstones (inert)
   (You found it on level 12 of the Dungeon)


   Skills:
 + Level 10.2 Fighting
 + Level 5.7 Throwing
 - Level 8.1 Dodging
 * Level 16.5 Unarmed Combat
 - Level 4.0 Evocations


You had 12 spell levels left.
You didn't know any spells.
Your spell library contained the following spells:

 Spells                   Type           Power      Damage    Failure   Level
 Apportation              Tloc           0%         N/A       43%         1
 Passage of Golubria      Tloc           0%         N/A       99%         4
 Alistair's Intoxication  Tmut/Pois      0%         N/A       100%        5
 Silence                  Hex/Air        0%         N/A       100%        5
 Lehudib's Crystal Spear  Conj/Erth      0%         10d2      100%        8


Dungeon Overview and Level Annotations

Branches:
Dungeon (12/15)            Temple (0/1) D:6            Lair (4/6) D:8
  Swamp (0/4) Lair:4       Spider (0/4) Lair:3          Orc (0/2) D:9
Ossuary (visited)

Altars:
Ashenzari
Cheibriados
Elyvilon
Fedhas
Gozag
Hepliaklqana
Makhleb
Sif Muna
Uskayaw
Vehumet
Wu Jian
Xom
The Shining One

Shops:
D:1 !*   D:2 [   D:5 *   D:8 (   D:10 (


Innate Abilities, Weirdness & Mutations

You are too large for most types of armour.
You have claws for hands.
Your natural rate of healing is unusually fast.
You are covered in fur. (AC +1)
You have tough skin. (AC +1)
You have large cloven feet.
You possess an exceptional clarity of mind.
You are clumsy. (Dex -2)
You occasionally shout uncontrollably at your foes.
Your muscles are strong. (Str +2)
Potions are less effective at restoring your health.
Your movements are slightly less encumbered by armour. (ER -2)


Message History

The blink frog blinks!
You eviscerate the blink frog!!!
You kill the blink frog!
You mangle the blink frog!! The blink frog misses you.
You miss the blink frog. Your kick misses the blink frog.
Your claw misses the blink frog. The blink frog misses you.
You miss the blink frog. Your kick misses the blink frog.
You claw the blink frog!
You kill the blink frog!
You mangle the blink frog!!
The blink frog blinks!
You claw the blink frog!
You kill the blink frog!
You start resting.
Xom grants you a gift! Something appears at your feet!
u - 16 stones You drop 16 stones.
Okay, then.
As you read the scroll labelled POUCLE DUJEHYWO, it crumbles to dust.
You hear a loud clanging noise!
It was a scroll of noise.
You feel a little less mighty now.
You hear an angry hiss.
Things that are here:
a water moccasin corpse; a blink frog corpse Autopickup disabled for scrolls of enchant weapon.
You drop 5 scrolls of enchant weapon.
As you read the scroll of identify {@r1}, it crumbles to dust.
l - a scroll of silence
As you read the scroll of identify {@r1}, it crumbles to dust.
D - 2 potions of cancellation
Found 11 stones.
Found a stone staircase leading down.
Found a quarterstaff.
You see here a +0 quarterstaff.
You see here a blink frog corpse.
Key pressed, stopping explore.
There is an escape hatch in the ceiling here.
A rime drake is nearby!
A rime drake is nearby!
The rime drake hisses angrily. "Serve the toy, my child!"
Unknown command.
The rime drake completely misses you.
You see here 6 arrows.
You mangle the rime drake!! Your kick misses the rime drake.
The rime drake bites you but does no damage.
Unknown command.
Unknown command.
You barely miss the rime drake.
You kick the rime drake, but do no damage.
You claw the rime drake! You mangle the rime drake!!
You kill the rime drake!
No target in view!
No target in view!
There is an escape hatch in the floor here.
You swap places.
You swap places.
You swap places.
Key pressed, stopping explore.
Found a curved runed staff.
Found a robe.
A komodo dragon and a six-headed hydra come into view.
The six-headed hydra roars!
You hear an angry hiss.
A rime drake comes into view.
The komodo dragon hisses angrily.
Xom smirks.
You detect nothing.
Throw: 11 large rocks
Aim: a six-headed hydra (81% to hit)
You throw a large rock.
The large rock hits the six-headed hydra.
The rime drake breathes ice at you. The flash freeze hits you.
You partially resist.
You are encased in ice.
A water moccasin comes into view.
Throw: 10 large rocks
Aim: a six-headed hydra (lightly wounded, ally target, 81% to hit)
You throw a large rock.
The large rock hits the six-headed hydra!
Your shadow imp barely misses the six-headed hydra.
The six-headed hydra bites you but does no damage. x2
The six-headed hydra bites you! x2
The six-headed hydra bites you but does no damage. x2
Your shadow imp hits the six-headed hydra.
The six-headed hydra barely misses you. x2; The six-headed hydra bites you.
The six-headed hydra barely misses you. The six-headed hydra misses you.
The six-headed hydra barely misses you.
Throw: 9 large rocks
Aim: a six-headed hydra (moderately wounded, ally target, 81% to hit)
You throw a large rock.
The large rock hits the six-headed hydra.
The ice encasing you melts away. The komodo dragon barely misses you.
Your shadow imp hits the six-headed hydra.
The six-headed hydra bites you! The six-headed hydra misses you.
The six-headed hydra barely misses you.
The six-headed hydra closely misses you.
The six-headed hydra completely misses you.
The six-headed hydra bites you but does no damage.
The rime drake completely misses you. The komodo dragon barely misses you.
Your shadow imp hits the six-headed hydra.
The six-headed hydra misses you.
The six-headed hydra closely misses you.
The six-headed hydra bites you!
The six-headed hydra bites you but does no damage.
The six-headed hydra closely misses you. x2
Aim: a six-headed hydra (moderately wounded, ally target, 91% to hit)
The bolt of acid hits the six-headed hydra!!
The acid corrodes the six-headed hydra!
The bolt of acid hits the water moccasin!
The acid corrodes the water moccasin!
The rime drake breathes ice at you. The flash freeze hits you!
You partially resist.
You are encased in ice.
The komodo dragon misses you.
Your shadow imp hits the six-headed hydra.
The rime drake closely misses you. The six-headed hydra bites you.
The six-headed hydra bites you but does no damage. x2
The six-headed hydra bites you!
* * * LOW HITPOINT WARNING * * *
The six-headed hydra bites you!
* * * LOW HITPOINT WARNING * * *
The six-headed hydra bites you but does no damage.
You claw one of the six-headed hydra's heads off!
The five-headed hydra grows two more!
You mangle the seven-headed hydra!!
You kick the seven-headed hydra, but do no damage.
The komodo dragon bites you!
* * * LOW HITPOINT WARNING * * *
You rip one of the seven-headed hydra's heads off!
The six-headed hydra grows two more!
You scratch the eight-headed hydra.
Your kick misses the eight-headed hydra.
Your claw misses the eight-headed hydra.
The rime drake completely misses you.
Your shadow imp closely misses the eight-headed hydra.
The eight-headed hydra bites you.
* * * LOW HITPOINT WARNING * * *
The eight-headed hydra bites you but does no damage.
The eight-headed hydra bites you!
* * * LOW HITPOINT WARNING * * *
The eight-headed hydra bites you!
* * * LOW HITPOINT WARNING * * *
The eight-headed hydra closely misses you.
The eight-headed hydra bites you.
* * * LOW HITPOINT WARNING * * *
The eight-headed hydra closely misses you.
The eight-headed hydra bites you!
You die...
Xom bursts into laughter!

#..P ###..# #.#.## ##
####.## ...## #.#..##
....P# ##..#5# ......###
#..### ......k5######
##.##
.....SD@..#..####..####
......l###....#....PP.##
....(.. ###...#.#......
......# ##.#.###.....
..^... ##### ######
...### #.# ##


You could see an eight-headed hydra (corroded, ally target), a komodo dragon, a
rime drake (catching breath), a water moccasin (corroded) and a friendly shadow
imp (summoned).

Vanquished Creatures
  Gastronok (D:11)
  A great orb of eyes (Lair:4)
  Harold (D:11)
  A boulder beetle (Lair:3)
  Erica (D:10)
  2 hydras
  A centaur warrior (D:10)
  3 two-headed ogres
  5 skeletal warriors (D:12)
  A manticore (D:11)
  2 cyclopes (D:11)
  A black mamba (Lair:4)
  A torpor snail (Lair:4)
  2 unseen horrors
  7 cane toads
  3 rime drakes
  A kobold demonologist (D:11)
  4 komodo dragons
  2 trolls
  3 meliai (D:10)
  4 polar bears (Lair:1)
  A hornet (Lair:3)
  8 blink frogs (Lair:4)
  A meliai zombie (D:10)
  A jumping spider (D:10)
  Sigmund (D:4)
  6 wyverns
  A water elemental (D:11)
  32 yaks
  5 basilisks
  3 vampire mosquitoes (D:12)
  A steam dragon (D:10)
  3 acid dragons
  3 swamp worms (Lair:4)
  14 water moccasins
  3 orc warriors
  An ice beast (D:7)
  A sky beast (D:5)
  3 black bears
  2 necrophages
  4 ogres (D:5)
  10 wolves
  4 centaurs
  A phantom (D:6)
  3 kobold brigands
  7 bullfrogs
  7 scorpions
  A wyvern zombie (D:8)
  A water moccasin skeleton (D:5)
  10 killer bees
  4 electric eels
  5 howler monkeys
  10 wights (D:8)
  4 centaur zombies
  2 bullfrog skeletons
  4 orc priests
  3 hounds
  Ijyb (D:4)
  Terence (D:3)
  8 orc wizards
  3 iguanas
  A statue (D:7)
  13 mummies (Ossuary)
  A howler monkey zombie (D:9)
  Robin (D:2)
  A howler monkey skeleton (D:7)
  5 adders
  7 gnolls (D:3)
  A shadow imp (D:8)
  A white imp (D:7)
  3 adder skeletons (D:4)
  5 worms
  3 dart slugs
  20 orcs
  9 endoplasms
  5 giant cockroaches
  11 goblins
  15 hobgoblins
  18 kobolds
  3 quokkas
  7 ball pythons
  7 bats
  3 frilled lizards (D:1)
  2 goblin skeletons (Ossuary)
  2 kobold skeletons (Ossuary)
  4 orc skeletons (Ossuary)
  6 rats
  11 rat skeletons (Ossuary)
395 creatures vanquished.

Vanquished Creatures (collateral kills)
  A deep elf pyromancer (D:10)
  Psyche (D:10)
  A kobold brigand (D:6)
  A bullfrog (D:6)
  A hound (D:4)
  A goblin (D:4)
  3 kobolds
9 creatures vanquished.

Vanquished Creatures (others)
  16 fungi
  82 plants
98 creatures vanquished.

Grand Total: 502 creatures vanquished

Notes
Turn   | Place    | Note
-------+----------+-------------------------------------------
     0 | D:1      | CryoSword the Troll Chaos Knight began the quest for the
                  | Orb.
     0 | D:1      | Reached XP level 1. HP: 22/22 MP: 0/0
    64 | D:1      | Found a faded altar of an unknown god.
    81 | D:1      | Reached XP level 2. HP: 29/29 MP: 1/1
   116 | D:1      | Found Pammah's General Store.
   243 | D:1      | XOM: divination: detect items
   270 | D:1      | Found Laxaas's Distillery.
   277 | D:1      | Bought a potion of degeneration for 11 gold pieces
   302 | D:1      | XOM: divination: detect creatures
   601 | D:2      | Reached XP level 3. HP: 36/36 MP: 2/2
   633 | D:2      | Reached skill level 4 in Unarmed Combat
   638 | D:2      | Reached XP level 4. HP: 43/44 MP: 3/3
   709 | D:2      | Found Asocarri's Antique Armour Emporium.
   734 | D:2      | Noticed Robin
   772 | D:2      | Killed Robin
   969 | D:2      | Found a shimmering altar of Xom.
  1023 | D:2      | XOM: scenery: create altars
  1208 | D:2      | XOM is BORED!
  1319 | D:3      | XOM: stealth player
  1333 | D:3      | Found a hide-covered altar of Uskayaw.
  1389 | D:3      | Reached XP level 5. HP: 53/53 MP: 4/4
  1463 | D:3      | XOM: swap monsters
  1483 | D:3      | Reached skill level 5 in Unarmed Combat
  1587 | D:3      | XOM: summons friendly ufetubus
  1599 | D:3      | Reached XP level 6. HP: 55/61 MP: 5/5
  1612 | D:3      | Noticed Terence
  1620 | D:3      | Killed Terence
  1677 | D:3      | XOM: scenery: summon butterflies
  1725 | D:3      | XOM: cloud trail
  1768 | D:3      | XOM: 2-stop teleportation journey
  2171 | D:4      | Noticed Sigmund
  2171 | D:4      | XOM: 9-stop teleportation journey
  2208 | D:4      | XOM: summons 6 friendly demons
  2212 | D:4      | Killed Sigmund
  2213 | D:4      | Reached skill level 6 in Unarmed Combat
  2213 | D:4      | Reached XP level 7. HP: 56/68 MP: 6/6
  2308 | D:4      | XOM: 2-stop teleportation journey
  2589 | D:4      | XOM: summons 7 friendly demons
  2701 | D:4      | Noticed Ijyb
  2704 | D:4      | XOM: fake destruction
  2706 | D:4      | XOM: confusion
  2720 | D:4      | Killed Ijyb
  2964 | D:5      | Entered Level 5 of the Dungeon
  3077 | D:5      | XOM: confuse monster(s)
  3080 | D:5      | Reached skill level 7 in Unarmed Combat
  3131 | D:5      | Reached XP level 8. HP: 74/79 MP: 7/7
  3229 | D:2      | Bought a heavy robe for 125 gold pieces
  3229 | D:2      | Identified the +2 robe "Movannix" {Will+ Str+6 Dex+3
                  | Stlth-} (You bought it in a shop on level 2 of the Dungeon)
  3308 | D:5      | Found Behaih's Assorted Antiques.
  3310 | D:5      | XOM: cast spell 'Alistair's Intoxication'
  3340 | D:5      | Bought a yellow potion for 17 gold pieces
  3455 | D:5      | XOM: confuse monster(s)
  3479 | D:5      | Reached skill level 8 in Unarmed Combat
  3523 | D:5      | XOM: summons friendly crimson imp
  3528 | D:5      | Reached skill level 5 in Fighting
  3543 | D:5      | Found a snail-covered altar of Cheibriados.
  3544 | D:5      | Found a broken altar of Ashenzari.
  3785 | D:5      | XOM: 1-stop teleportation journey
  3845 | D:6      | XOM: enchant monster (good)
  3847 | D:6      | Reached skill level 5 in Dodging
  3863 | D:6      | XOM: divine lightning
  3864 | D:6      | XOM: confuse monster(s)
  3874 | D:6      | XOM: summons 8 friendly demons
  3885 | D:6      | Reached skill level 9 in Unarmed Combat
  3885 | D:6      | Reached XP level 9. HP: 53/88 MP: 8/8
  3964 | D:6      | XOM: scenery: summon butterflies
  4139 | D:2      | Bought a slimy robe for 125 gold pieces
  4139 | D:2      | Identified the +1 robe of the Bells {Rampage Dex+3} (You
                  | bought it in a shop on level 2 of the Dungeon)
  4254 | D:6      | Found a hazy altar of Hepliaklqana.
  4256 | D:6      | Found a glowing golden altar of the Shining One.
  4258 | D:6      | Found a shimmering blue altar of Sif Muna.
  4290 | D:6      | Found a staircase to the Ecumenical Temple.
  4307 | D:6      | XOM: confuse monster(s)
  4582 | D:6      | XOM: blink monster(s)
  4723 | D:7      | Found a radiant altar of Vehumet.
  4741 | D:7      | Reached skill level 10 in Unarmed Combat
  4893 | D:7      | Found a white marble altar of Elyvilon.
  4913 | D:7      | Found an ornate altar of the Wu Jian Council.
  5056 | D:7      | Found a burning altar of Makhleb.
  5331 | D:1      | Bought a potion of flight for 33 gold pieces
  5331 | D:1      | Bought a potion of curing for 33 gold pieces
  5331 | D:1      | Bought a potion of lignification for 33 gold pieces
  5451 | D:8      | XOM: noise
  5568 | D:8      | XOM: cleaving
  5605 | D:8      | XOM: god gift: amulet of the acrobat
  5773 | D:8      | Noticed a two-headed ogre
  5777 | D:8      | XOM: smoke on damage
  5784 | D:8      | Killed a two-headed ogre
  5785 | D:8      | Reached XP level 10. HP: 62/100 MP: 9/9
  5812 | D:8      | Reached skill level 11 in Unarmed Combat
  5813 | D:8      | Found a staircase to the Lair.
  5814 | D:8      | XOM: divination: detect items
  5817 | D:8      | XOM: scenery: summon butterflies
  5823 | D:8      | XOM: 8-stop teleportation journey
  5924 | D:8      | Found a blossoming altar of Fedhas.
  5963 | D:8      | Found Ymoor's Antique Weapon Shoppe.
  5974 | D:8      | XOM: potion effect (invisibility)
  6042 | D:8      | Found a sand-covered staircase.
  6070 | Ossuary  | Entered an ossuary
  6154 | Ossuary  | XOM: summons 6 hostile demons
  6312 | Ossuary  | XOM: silly message
  6410 | D:8      | XOM: swap monsters
  6430 | D:8      | XOM: give mutation
  6430 | D:8      | Gained mutation: You are clumsy. (Dex -2) [Xom's mischief]
  6727 | D:8      | XOM: give mutations
  6727 | D:8      | Gained mutation: You expend magic power (3 MP) to
                  | strengthen your wands. [Xom's mischief]
  6727 | D:8      | Gained mutation: You sometimes lose the ability to read
                  | scrolls when taking damage. [Xom's mischief]
  6882 | D:1      | Bought a scroll of blinking for 105 gold pieces
  6924 | D:3      | XOM: divination: detect items
  7195 | D:9      | Reached skill level 12 in Unarmed Combat
  7232 | D:9      | You fall into a shaft and drop 3 floors!
  7254 | D:12     | Noticed a skeletal warrior
  7266 | D:12     | Killed a skeletal warrior
  7267 | D:12     | Noticed a skeletal warrior
  7267 | D:12     | Noticed a two-headed ogre
  7278 | D:12     | Noticed a skeletal warrior
  7284 | D:12     | Noticed a skeletal warrior
  7285 | D:12     | XOM: enchant monster (bad)
  7297 | D:12     | XOM: chaos cloud
  7300 | D:12     | XOM: noise
  7303 | D:12     | XOM: blink monster(s)
  7306 | D:12     | XOM: noise
  7308 | D:12     | Killed a skeletal warrior
  7309 | D:12     | Reached skill level 1 in Evocations
  7309 | D:12     | Reached XP level 11. HP: 90/109 MP: 10/10
  7312 | D:12     | Killed a two-headed ogre
  7314 | D:12     | Noticed a skeletal warrior
  7321 | D:12     | XOM: chaos upgrade
  7325 | D:12     | Killed a skeletal warrior
  7326 | D:12     | XOM: chaos upgrade
  7331 | D:12     | Killed a skeletal warrior
  7340 | D:12     | Killed a skeletal warrior
  7453 | D:12     | XOM: give mutation
  7453 | D:12     | Gained mutation: Your body sometimes deteriorates upon
                  | taking damage. [Xom's mischief]
  7488 | D:11     | Noticed Harold
  7492 | D:11     | XOM: 2-stop teleportation journey
  7544 | D:11     | XOM: enchant monster (bad)
  7547 | D:11     | Noticed Gastronok
  7548 | D:11     | XOM: summons 8 friendly demons
  7550 | D:11     | XOM: draining
  7553 | D:11     | XOM: swap monsters
  7559 | D:11     | Reached skill level 13 in Unarmed Combat
  7562 | D:11     | XOM: silly message
  7572 | D:11     | XOM: silly message
  7575 | D:11     | XOM: noise
  7585 | D:10     | Entered Level 10 of the Dungeon
  7585 | D:10     | XOM: confusion (+ monsters)
  7672 | D:10     | Noticed a two-headed ogre
  7692 | D:10     | Killed a two-headed ogre
  7751 | D:10     | Noticed a deep elf pyromancer
  7775 | D:10     | XOM: summons 6 friendly demons
  7779 | D:10     | Killed a deep elf pyromancer
  7792 | D:10     | XOM: polymorph yak -> jumping spider
  7930 | D:9      | XOM: 5-stop teleportation journey
  8024 | D:9      | Found a staircase to the Orcish Mines.
  8044 | D:9      | Found an opulent altar of Gozag.
  8496 | D:10     | Noticed Psyche
  8498 | D:10     | XOM: enchant monster (good)
  8501 | D:10     | Killed Psyche
  8549 | D:10     | Noticed Erica
  8626 | D:10     | Killed Erica
  8627 | D:10     | Reached skill level 1 in Throwing
  8770 | D:10     | Noticed a centaur warrior
  8786 | D:10     | XOM: torment (45/113 hp)
  8787 | D:10     | XOM: summons friendly shadow imp
  8789 | D:10     | Killed a centaur warrior
  8790 | D:10     | Reached XP level 12. HP: 39/122 MP: 11/11
  9055 | D:5      | Bought a scroll of identify for 38 gold pieces
  9305 | D:10     | XOM: summons 2 hostile demons
  9390 | D:10     | Found Zathrely's Antique Weapon Shoppe.
  9478 | D:10     | Lost mutation: You sometimes lose the ability to read
                  | scrolls when taking damage. [potion of mutation]
  9478 | D:10     | Lost mutation: Your body sometimes deteriorates upon taking
                  | damage. [potion of mutation]
  9478 | D:10     | Gained mutation: Potions are less effective at restoring
                  | your health. [potion of mutation]
  9478 | D:10     | Gained mutation: You are strong-willed. (Will+) [potion of
                  | mutation]
  9478 | D:10     | Gained mutation: A frigid envelope surrounds you and
                  | freezes all who hurt you. [potion of mutation]
  9498 | D:10     | XOM: cast spell 'Summon Hydra'
  9758 | D:11     | Identified the +0 ring mail of Patience {Harm}
  9836 | D:11     | Killed Gastronok
  9837 | D:11     | Reached skill level 14 in Unarmed Combat
  9847 | D:11     | XOM: noise
  9952 | D:11     | Killed Harold
 10240 | D:11     | XOM: confusion
 10242 | D:11     | XOM: fog
 10545 | Lair:1   | Entered Level 1 of the Lair of Beasts
 10559 | Lair:1   | XOM: cast spell 'Statue Form'
 10565 | Lair:1   | XOM: summons 12 friendly demons
 10569 | Lair:1   | XOM: give mutations
 10569 | Lair:1   | Gained mutation: Your body sometimes deteriorates upon
                  | taking damage. [Xom's mischief]
 10569 | Lair:1   | Lost mutation: Your body sometimes deteriorates upon taking
                  | damage. [Xom's mischief]
 10711 | Lair:1   | XOM: 2-stop teleportation journey
 10714 | Lair:1   | XOM: give mutations
 10714 | Lair:1   | Gained mutation: You are weak. (Str -2) [Xom's mischief]
 10714 | Lair:1   | Gained mutation: You have large cloven feet. [Xom's
                  | mischief]
 10714 | Lair:1   | Gained mutation: You are very clumsy. (Dex -4) [Xom's
                  | mischief]
 10714 | Lair:1   | Lost mutation: You are strong-willed. (Will+) [Xom's
                  | mischief]
 10732 | Lair:1   | XOM: swap monsters
 10921 | Lair:1   | XOM: 2-stop teleportation journey
 10984 | Lair:1   | XOM: give mutations
 10984 | Lair:1   | Gained mutation: You occasionally shout uncontrollably at
                  | your foes. [Xom's mischief]
 10984 | Lair:1   | Lost mutation: You are very clumsy. (Dex -4) [Xom's
                  | mischief]
 10986 | Lair:1   | Lost mutation: A frigid envelope surrounds you and freezes
                  | all who hurt you. [potion of mutation]
 10986 | Lair:1   | Lost mutation: You are clumsy. (Dex -2) [potion of
                  | mutation]
 10986 | Lair:1   | Lost mutation: You have large cloven feet. [potion of
                  | mutation]
 10986 | Lair:1   | Gained mutation: Your movements are slightly less
                  | encumbered by armour. (ER -2) [potion of mutation]
 11283 | Lair:2   | Reached skill level 15 in Unarmed Combat
 11508 | Lair:2   | Identified the +8 war axe of Minocof {venom, Contam Fly
                  | Int+10 SInv}
 11656 | Lair:2   | XOM: god gift: scroll labelled ETTAGEPR KUKK {god gift}
 12036 | Lair:2   | XOM: scenery: summon butterflies
 12151 | Lair:3   | XOM: scenery: summon butterflies
 12229 | Lair:3   | Noticed a boulder beetle
 12240 | Lair:3   | Killed a boulder beetle
 12252 | Lair:3   | XOM: polymorph wolf -> centaur
 12252 | Lair:3   | Noticed a five-headed hydra
 12258 | Lair:3   | Reached XP level 13. HP: 131/131 MP: 12/12
 12260 | Lair:3   | Reached skill level 5 in Throwing
 12360 | Lair:3   | XOM: confuse monster(s)
 12481 | Lair:3   | Found a hole to the Spider Nest.
 12568 | Lair:3   | XOM: summons 2 friendly demons
 12611 | Lair:3   | XOM: noise
 12740 | Lair:3   | XOM: 1-stop teleportation journey
 12913 | Lair:3   | XOM: give mutations
 12913 | Lair:3   | Gained mutation: Armour fits poorly on your strangely
                  | shaped body. [Xom's mischief]
 12913 | Lair:3   | Lost mutation: You expend magic power (3 MP) to strengthen
                  | your wands. [Xom's mischief]
 12913 | Lair:3   | Gained mutation: You are clumsy. (Dex -2) [Xom's mischief]
 12914 | Lair:3   | Lost mutation: Armour fits poorly on your strangely shaped
                  | body. [potion of mutation]
 12914 | Lair:3   | Lost mutation: You are weak. (Str -2) [potion of mutation]
 12914 | Lair:3   | Gained mutation: You have large cloven feet. [potion of
                  | mutation]
 12914 | Lair:3   | Gained mutation: You possess an exceptional clarity of
                  | mind. [potion of mutation]
 13123 | Lair:4   | XOM: fake destruction
 13205 | Lair:4   | Identified the +5 hand crossbow of a Gauntlet {freeze,
                  | Will+ Int+2 Dex+8 Stlth-}
 13224 | Lair:4   | Reached skill level 16 in Unarmed Combat
 13243 | Lair:4   | XOM: confuse monster(s)
 13252 | Lair:4   | XOM: divine lightning
 13253 | Lair:4   | HP: 6/133 [poisoned by a cane toad]
 13255 | Lair:4   | XOM: enchant monster (bad)
 13410 | Lair:4   | Reached skill level 10 in Fighting
 13440 | Lair:4   | XOM: scenery: summon butterflies
 13467 | Lair:4   | XOM: 1-stop teleportation journey
 13537 | Lair:4   | XOM: give mutation
 13537 | Lair:4   | Gained mutation: Your muscles are strong. (Str +2) [Xom's
                  | grace]
 13669 | Lair:4   | XOM: cloud trail
 13676 | Lair:4   | Found a staircase to the Swamp.
 13779 | Lair:4   | XOM: noise
 13793 | Lair:4   | XOM: enchant monster (good)
 13799 | Lair:4   | XOM: polymorph four-headed hydra -> great orb of eyes
 13803 | Lair:4   | XOM: silly message
 13804 | Lair:4   | XOM: potion effect (might)
 13885 | Lair:4   | XOM: god gift: 16 stones
 14007 | Lair:4   | XOM: summons friendly shadow imp
 14084 | Lair:4   | XOM: divination: detect items
 14090 | Lair:4   | HP: 3/133 [eight-headed hydra (9)]
 14090 | Lair:4   | HP: 1/133 [eight-headed hydra (2)]
 14090 | Lair:4   | Mangled by an eight-headed hydra

Illustrated notes

Levels and vault maps discovered:
D:1:      dpeg_arrival_brainrot, layout_basic, serial_shops, shop_statue, shop,
          shapermc_ecumenical_altar_gd, minmay_strange_pillars,
          dk_noncrumbling_3
D:2:      layout_loops_cross, basic_altar, serial_shops, shop,
          chequers_serial_rivers_small_3, uniq_robin
D:3:      layout_basic, eat_drink_and_be_merry_uskayaw, minmay_statues_item,
          nicolae_grassy_gnolls, uniq_terence
D:4:      layout_loops_ring, chequers_big_river, uniq_ijyb, uniq_sigmund
D:5:      layout_gridville, jmf_multi_god_temple, serial_shops,
          nicolae_shop_overgrown_old_shop
D:6:      layout_rooms, grunt_temple_overflow_open, minmay_temple_entry_slanted,
          hangedman_abyss_or_decor_stagger, nicolae_underground_beach
D:7:      layout_cave_pools, vehumet_statue, mainiacjoe_overflow_boulevard,
          chequers_temple_overflow_statue_of_worship
D:8:      layout_loops_corners, fedhas_altar_3, minmay_lair_entry_grove,
          serial_shops, shop, nicolae_ossuary_entry_false_entrances
D:9:      layout_gridville, mainiacjoe_overflow_concentric_impassable,
          orc_0_dummy, serial_glass, glass_columns_b, glass_columns_a,
          glass_columns_c, glass_columns_b, glass_columns_c, glass_columns_b
D:10:     layout_long_grid, serial_shops, nicolae_shop_behind_doors,
          minmay_diced_spiral, uniq_erica, uniq_psyche
D:11:     layout_loops_cross, gauntlet_entry_generic, minivault_14,
          due_unseen_surprise, uniq_gastronok, uniq_harold
D:12:     layout_rooms
Lair:1:   layout_gridlike, cheibrodos_lair_lostbears
Lair:2:   layout_concentric_octagons, chequers_serial_rivers_micro_e,
          columned_hall_lemuel, lemuel_fruit_tree, serial_bayou_shore_a
Lair:3:   layout_gridlike, nicolae_spider_entry_non_spiders, st_stairs_5,
          minivault_11
Lair:4:   layout_cave_pods, palyth_hydra_swamp_entry, uniq_snorg

Skill      XL: |  1  2  3  4  5  6  7  8  9 10 11 12 13 |
---------------+----------------------------------------+-----
Dodging        | 2 3 4 5 6 7 8 |  8.1
Unarmed Combat | 4 5 6 7 9 10 12 13 15 16 | 16.5
Fighting       | 3 4 5 6 7 8 9 10 | 10.2
Evocations     | 1 3 4 |  4.0
Throwing       | 1 4 5 |  5.7

Action                   |  1- 3 |  4- 6 |  7- 9 | 10-12 | 13-15 || total
-------------------------+-------+-------+-------+-------+-------++-------
Melee: Unarmed           |    73 |   152 |   279 |   549 |   178 ||  1231
       Punch             |     1 |     5 |     9 |    45 |    14 ||    74
       Kick              |       |       |       |     8 |    33 ||    41
Throw: Dart              |       |       |     3 |     2 |       ||     5
       Large rock        |       |       |       |       |     6 ||     6
Evoke: Tin of tremorston |       |       |       |       |     2 ||     2
       Wand              |       |       |       |       |     1 ||     1
  Use: Scroll            |       |     1 |     4 |     9 |     4 ||    18
       Potion            |       |       |       |     6 |     3 ||     9
 Stab: Sleeping          |       |     3 |       |       |       ||     3
       Distracted        |       |     2 |     1 |       |       ||     3
       Confused          |       |     1 |     3 |       |     1 ||     5
       Invisible         |       |       |       |     3 |       ||     3
Armor: Robe              |    20 |    38 |    99 |    43 |       ||   200
       Acid dragon scale |       |       |       |   135 |    60 ||   195
       Skin              |       |       |       |     9 |       ||     9
Dodge: Dodged            |    31 |    75 |   158 |   398 |   154 ||   816
